 Dungeon Crawl Stone Soup version 0.19.0-26-g9e9c210 (webtiles) character file.

51 KarmaPolice the Charmwright (level 3, -5/27 HPs)
             Began as a Vampire Skald on Nov 23, 2016.
             Killed from afar by Sigmund (6 damage)
             ... with a puff of flame
             ... on level 2 of the Dungeon.
             The game lasted 00:05:18 (2567 turns).

KarmaPolice the Charmwright (Vampire Skald)         Turns: 2567, Time: 00:05:19

Health: -5/27      AC:  4    Str: 11    XL:     3   Next: 57%
Magic:  2/6        EV: 11    Int: 14    God:
Gold:   86         SH:  0    Dex: 14    Spells: 3 memorised, 2 levels left

rFire  . . .     SeeInvis +     a - +0 falchion
rCold  + . .     Gourm    .     b - +0 leather armour
rNeg   + + .     Faith    .     (no shield)
rPois  +         Spirit   .     (no helmet)
rElec  .         Reflect  .     (no cloak)
rCorr  .         Harm     .     g - +0 pair of gloves
MR     .....                    (no boots)
Stlth  ++........               (no amulet)
                                (no ring)
                                (no ring)

@: confused, shrouded, infused, regenerating slowly
A: fangs 3, see invisible, unbreathing
a: Bat Form


You were on level 2 of the Dungeon.
You were near bloodless.

You visited 1 branch of the dungeon, and saw 3 of its levels.

You collected 86 gold pieces.

Inventory:

Hand Weapons
 a - a +0 falchion (weapon)
Armour
 b - a +0 leather armour (worn)
 g - a +0 pair of gloves (worn)
Scrolls
 f - a scroll of identify {unknown}
 i - 3 scrolls of magic mapping {unknown}
Potions
 d - 9 potions of blood
 e - a potion of mutation {unknown}
 h - 2 potions of curing {unknown}
 j - a potion of agility {unknown}
 k - a potion of berserk rage {unknown}
 l - a potion of brilliance {unknown}
 m - a potion of might {unknown}
 n - a potion of cure mutation {unknown}
Books
 c - a book of Battle

   Spells                             Type                      Level
   a - Infusion                       Charms                       1
   b - Shroud of Golubria             Charms/Translocation         2
   c - Song of Slaying                Charms                       2
   d - Spectral Weapon                Hexes/Charms                 3
   e - Regeneration                   Charms/Necromancy            3


   Skills:
 + Level 2.2 Fighting
 + Level 2.5 Long Blades
 - Level 0.7 Armour
 - Level 1.1 Dodging
 + Level 2.5 Spellcasting
 + Level 3.9 Charms


You had 2 spell levels left.
You knew the following spells:

 Your Spells              Type           Power        Failure   Level  Hunger
a - Infusion              Chrm           ##..         8%          1    #......
b - Shroud of Golubria    Chrm/Tloc      #.........   21%         2    ###....
c - Song of Slaying       Chrm           ##......     10%         2    ###....


Dungeon Overview and Level Annotations

Branches:
Dungeon (3/15)

Altars:

Annotations:
D:2 Sigmund


Innate Abilities, Weirdness & Mutations

You heal slowly.
You have razor-sharp teeth.
You have supernaturally acute eyesight. (SInv)
You can survive without breathing.


Message History

Sigmund is lightly wounded.
Sigmund closely misses you.
You closely miss Sigmund. You bite Sigmund, but do no damage.
Sigmund is lightly wounded.
You hit Sigmund!
Sigmund is moderately wounded.
Sigmund casts a spell at you.
You are confused.
Sigmund mumbles some strange words.
Sigmund flickers and vanishes for a moment.
You miss Sigmund.
Sigmund is moderately wounded.
Sigmund casts a spell at you. The magic dart hits you!
* * * LOW HITPOINT WARNING * * *
You miss Sigmund.
Sigmund is moderately wounded.
Sigmund gestures at you while chanting. The puff of flame hits you!
You die...

#.##.# #....#########.##...
#.##.# #..<.'.......#.##...
###.##.# #....######....##...
#...##(# #....# ########'#
#.####.# #....# ........# #.# #.#
######### ......... #.####.#
....# ..(.....#
#....#.########....# #######.#
####.#.#......@@...# #..
#.#.#.######....# ### #.#)#.#
....#.########## #.#.#.#
....#........... ######.#.#.#
....#........... #..........#
##..........)...
#.####†#.##########..#........###
#......#..........#..#..#........
#################.#.. . #.###.###


You could see Sigmund (invisible).

Vanquished Creatures
  An adder (D:1)
  A worm (D:1)
  A leopard gecko (D:1)
  2 giant cockroaches (D:1)
  4 goblins
  6 hobgoblins
  4 jackals (D:1)
  A ball python (D:1)
  11 bats
  2 frilled lizards (D:1)
  A kobold (D:1)
34 creatures vanquished.

Notes
Turn   | Place    | Note
-------+----------+-------------------------------------------
     0 | D:1      | KarmaPolice the Vampire Skald began the quest for the Orb.
     0 | D:1      | Reached XP level 1. HP: 16/16 MP: 3/3
   703 | D:1      | Reached XP level 2. HP: 18/22 MP: 5/5
  1484 | D:1      | Reached XP level 3. HP: 27/27 MP: 6/6
  1960 | D:2      | Learned a level 2 spell: Shroud of Golubria
  1963 | D:2      | Learned a level 2 spell: Song of Slaying
  1979 | D:2      | Noticed Sigmund
  2566 | D:2      | HP: 1/27 [Sigmund/magic dart (4)]
  2567 | D:2      | Killed from afar by Sigmund

Skill      XL: |  1  2 |
---------------+-------+-----
Fighting       | 2 |  2.2
Long Blades    | |  2.5
Armour         | |  0.7
Dodging        | |  1.1
Spellcasting   | |  2.5
Charms         | |  3.9

Action                   || total
-------------------------++-------
Melee: Falchion          ||   121
       Bite              ||    11
 Cast: Infusion          ||     4
       Shroud of Golubri ||     1
 Stab: Sleeping          ||     2
  Eat: Corpse            ||     2
Armor: Leather armour    ||    44
Dodge: Dodged            ||    95
       Rpst.: Falchion   ||    28
